 Dungeon Crawl Stone Soup version 0.29-a0-1027-gcd8c55af63 (webtiles) character file.

Game seed: 12089669532327631390

3933 leavemydog the Thaumaturge (level 10, 0/51 HPs)
             Began as a Deep Elf Conjurer on Aug 12, 2022.
             Was a Believer of Vehumet.
             Shot with a sling bullet by Joseph (11 damage)
             ... on level 7 of the Dungeon.
             The game lasted 00:16:10 (8171 turns).

leavemydog the Thaumaturge (Deep Elf Conjurer)      Turns: 8171, Time: 00:16:11

Health: 0/51       AC: 10    Str:  4    XL:     10   Next: 1%
Magic:  12/28      EV: 13    Int: 28    God:    Vehumet [**....]
Gold:   315        SH:  0    Dex: 17    Spells: 22/33 levels left

rFire   + . .      SeeInvis +   p - +6 trident of Tut Yrgh {vorpal, rElec rC- Dex+4 SInv}
rCold   + . .      Faith    .   (no shield)
rNeg    + . .      Spirit   .   z - +2 robe {rC+ rF+}
rPois   .          Reflect  .   u - +1 helmet
rElec   +          Harm     .   (no cloak)
rCorr   .          Rampage  .   h - +2 pair of gloves
Will    ++...                   l - +0 pair of boots of Lies {rN+}
Stlth   ++........              (no amulet)
HPRegen 0.17/turn               c - ring of protection from cold
MPRegen 0.21/turn               j - ring of willpower

@: no status effects
A: no striking features
a: Renounce Religion


You were on level 7 of the Dungeon.
You worshipped Vehumet.
Vehumet was pleased with you.
You visited 2 branches of the dungeon, and saw 8 of its levels.

You collected 315 gold pieces.

Inventory:

Hand Weapons
 p - the +6 trident of Tut Yrgh (weapon) {vorpal, rElec rC- Dex+4 SInv}
   (You found it on level 2 of the Dungeon)

   It inflicts extra damage upon your enemies.
   Dex:       It affects your dexterity (+4).
   rC:        It makes you vulnerable to cold.
   rElec:     It insulates you from electricity.
   SInv:      It lets you see invisible.
Missiles
 r - a throwing net
Armour
 h - a +2 pair of gloves (worn)
 l - the +0 pair of boots of Lies (worn) {rN+}
   (You found it on level 2 of the Dungeon)

   rN:        It protects you from negative energy.
 u - a +1 helmet (worn)
 z - a +2 robe of resistance (worn)
Magical Staves
 g - a staff of earth
Jewellery
 c - a ring of protection from cold (left hand)
 j - a ring of willpower (right hand)
 C - a ring of ice
Wands
 e - a wand of paralysis (13)
Scrolls
 f - 4 scrolls of teleportation
 k - a scroll of torment
 m - a scroll of vulnerability {unknown}
 q - 3 scrolls of poison
 t - 4 scrolls of blinking
 v - a scroll of brand weapon {unknown}
 w - a scroll of magic mapping {unknown}
 D - a scroll of acquirement {unknown}
Potions
 a - a potion of berserk rage
 b - 2 potions of magic
 d - 6 potions of curing
 i - 2 potions of cancellation
 n - a potion of flight {unknown}
 o - a potion of mutation {unknown}
 s - 2 potions of haste
 x - a potion of ambrosia {unknown}
 B - 2 potions of brilliance


   Skills:
 * Level 0.9 Fighting
 - Level 2.4 Dodging
 - Level 2.4 Stealth
 + Level 12.1 Spellcasting
 + Level 10.3 Conjurations
 - Level 5.4 Hexes
 * Level 6.1 Translocations
 * Level 0.3 Earth Magic


You had 22 spell levels left.
You knew the following spells:

 Your Spells              Type           Power      Damage    Failure   Level
a - Magic Dart            Conj           100%       1d8       1%          1
b - Searing Ray           Conj           100%       2d8       1%          2
c - Iskenderun's Mystic   Conj/Tloc      58%        2d12      1%          4
d - Fulminant Prism       Conj/Hex       28%        3d14      1%          4

Your spell library contained the following spells:

 Spells                   Type           Power      Damage    Failure   Level
 Shock                    Conj/Air       100%       1d9       1%          1
 Apportation              Tloc           100%       N/A       1%          1
 Dazzling Flash           Conj/Hex       100%       N/A       1%          3
 Gell's Gravitas          Tloc           51%        N/A       1%          3
 Lesser Beckoning         Tloc           51%        N/A       1%          3
 Teleport Other           Tloc           51%        N/A       1%          3
 Necrotise                Necr           64%        1d7       3%          1
 Summon Small Mammal      Summ           64%        N/A       3%          1


Dungeon Overview and Level Annotations

Branches:
Dungeon (7/15)             Temple (1/1) D:4

Altars:
Dithmenos
Fedhas
Hepliaklqana
Kikubaaqudgha
Makhleb
Nemelex Xobeh
Okawaru
Qazlal
Ru
Sif Muna
Trog
Uskayaw
Vehumet
Wu Jian
Xom
Yredelemnul
Zin
The Shining One

Shops:
D:2 ?

Annotations:
D:7 Joseph


Message History

Confirm with . or Enter, or press ? or * to list all spells.
You erupt in a blast of force!
The mystic blast hits Joseph.
Joseph is moderately wounded.
Joseph is knocked back by the mystic blast.
The mystic blast hits the bullfrog!!
You kill the bullfrog!
Vehumet accepts your kill.
You feel your power returning.
Casting: Iskenderun's Mystic Blast (dangerous; 1% risk of failure)
Confirm with . or Enter, or press ? or * to list all spells.
Okay, then.
Casting: Iskenderun's Mystic Blast (dangerous; 1% risk of failure)
Confirm with . or Enter, or press ? or * to list all spells.
Aiming: Fulminant Prism (dangerous; 1% risk of failure)
Press: ? - help, Dir - move target, p - Joseph You conjure a prism of explosive energy!
A fulminant prism comes into view.
Joseph shoots a sling bullet.
The sling bullet hits your fulminant prism!!
Your fulminant prism detonates feebly.
Casting: Fulminant Prism (dangerous; 1% risk of failure)
Confirm with . or Enter, or press ? or * to list all spells.
Aiming: Fulminant Prism (dangerous; 1% risk of failure)
Press: ? - help, Dir - move target You conjure a prism of explosive energy!
A fulminant prism comes into view.
Joseph says, "You will never get the ORB, sorry."
Joseph shoots a sling bullet.
The sling bullet hits you!
* * * LOW HITPOINT WARNING * * *
Your fulminant prism crackles loudly.
Casting: Fulminant Prism (dangerous; 1% risk of failure)
Confirm with . or Enter, or press ? or * to list all spells.
Aiming: Searing Ray (safe; 1% risk of failure)
Press: ? - help, Shift-Dir - straight line, f - Joseph
Aim: Joseph, wielding a +0 sling and wearing a +0 leather armour (moderately wounded, ally target, 83% to hit)
The searing ray hits Joseph but does no damage.
Joseph is moderately wounded. (Press . to maintain the ray.) Joseph shoots a sling bullet.
The sling bullet hits you!
You die...

........## ##..#
#........##..# #..#
...#... ##.### ##.# ....#
#...#####.# .. #..........
. #.## #.......#.. . #..#
##..##...#.. ###.
##.#####.......##..
#...####.@...#........##..
.........###...####...##..
........## ##..# ##..##..
#....*@[## ##.# #.####.
#........## #..# #.. ##
..........#####.# ####
#..####.....###.### #..
#.##........# ##
#.####....###


You could see Joseph (ally target) and a friendly fulminant prism.

Vanquished Creatures
  Pikel (D:5)
  Sigmund (D:3)
  The ghost of Nebesus the Sneak, an amateur NaNe (D:3)
  Duvessa (D:5)
  3 ice beasts
  A sky beast (D:6)
  A black bear (D:5)
  2 ogres
  A centaur (D:7)
  6 phantoms
  4 lemures (D:5)
  A kobold brigand (D:6)
  Blork the orc (D:5)
  A gnoll sergeant (D:6)
  2 bullfrogs (D:7)
  3 scorpions (D:6)
  Dowan (D:5)
  9 wights (D:6)
  2 howler monkeys
  4 quasits
  4 orc priests
  A gnoll bouda (D:5)
  3 hounds
  2 iguanas (D:5)
  Natasha (twice) (D:3)
  2 orc wizards
  14 gnolls
  7 adders
  3 shadow imps
  2 white imps (D:4)
  5 ufetubi
  A worm (D:5)
  A dart slug (D:2)
  17 orcs
  7 ball pythons
  8 endoplasms
  5 giant cockroaches
  5 goblins
  6 hobgoblins
  6 jackals
  12 kobolds
  5 quokkas
  8 bats
  6 frilled lizards
  A rat (D:1)
179 creatures vanquished.

Vanquished Creatures (others)
  A demonic plant (D:4)
  5 fulminant prisms
  9 plants
15 creatures vanquished.

Grand Total: 194 creatures vanquished

Notes
Turn   | Place    | Note
-------+----------+-------------------------------------------
     0 | D:1      | leavemydog the Deep Elf Conjurer began the quest for the
                  | Orb.
     0 | D:1      | Reached XP level 1. HP: 10/10 MP: 6/6
   125 | D:1      | Found a faded altar of an unknown god.
   203 | D:1      | Reached XP level 2. HP: 15/15 MP: 1/8
   206 | D:1      | Learned a level 2 spell: Searing Ray
   379 | D:1      | Reached skill level 5 in Conjurations
  1030 | D:2      | Found Baeppuff's Magic Scroll Shop.
  1055 | D:2      | Reached XP level 3. HP: 19/19 MP: 7/9
  1123 | D:2      | Identified the +0 pair of boots of Lies {rN+}
  1353 | D:2      | Identified the +6 trident of Tut Yrgh {vorpal, rElec rC-
                  | Dex+4 SInv}
  2296 | D:3      | Reached skill level 4 in Spellcasting
  2296 | D:3      | Reached XP level 4. HP: 24/24 MP: 4/12
  2403 | D:3      | Learned a level 4 spell: Iskenderun's Mystic Blast
  2414 | D:3      | Found a transporter.
  2419 | D:3      | Noticed Nebesus's ghost (amateur NaNe)
  2460 | D:3      | Found a transporter.
  2584 | D:3      | Noticed Sigmund
  2588 | D:3      | Killed Sigmund
  2589 | D:3      | Reached skill level 5 in Spellcasting
  2589 | D:3      | Reached skill level 1 in Translocations
  2589 | D:3      | Reached XP level 5. HP: 28/28 MP: 8/14
  2918 | D:3      | Reached XP level 6. HP: 32/32 MP: 14/16
  3058 | D:3      | Learned a level 4 spell: Fulminant Prism
  3256 | D:3      | Noticed Natasha
  3261 | D:3      | Killed Natasha
  3529 | D:3      | Noticed Natasha
  3533 | D:3      | Killed Natasha
  3534 | D:3      | Reached skill level 6 in Spellcasting
  3660 | D:4      | Reached skill level 1 in Hexes
  3726 | D:4      | Reached XP level 7. HP: 29/36 MP: 9/18
  4331 | D:4      | Found a staircase to the Ecumenical Temple.
  4341 | Temple   | Entered the Ecumenical Temple
  4403 | Temple   | Became a worshipper of Vehumet
  4639 | D:5      | Entered Level 5 of the Dungeon
  4661 | D:5      | Reached skill level 7 in Spellcasting
  4820 | D:5      | Noticed Duvessa
  4820 | D:5      | Noticed Dowan
  4823 | D:5      | Killed Dowan
  4829 | D:5      | Killed Duvessa
  5095 | D:5      | Reached XP level 8. HP: 30/41 MP: 11/21
  5097 | D:5      | Reached skill level 8 in Spellcasting
  5242 | D:5      | Reached * piety under Vehumet
  5242 | D:5      | Offered knowledge of Freeze by Vehumet.
  5250 | D:5      | Noticed Pikel
  5268 | D:5      | Killed Pikel
  5269 | D:5      | Reached skill level 9 in Spellcasting
  5848 | D:5      | Reached skill level 5 in Hexes
  6057 | D:5      | Noticed Blork the orc
  6061 | D:5      | Killed Blork the orc
  6062 | D:5      | Reached XP level 9. HP: 45/45 MP: 18/24
  6254 | D:6      | Reached skill level 10 in Spellcasting
  6971 | D:6      | Reached skill level 5 in Translocations
  7050 | D:3      | Killed Nebesus's ghost
  7051 | D:3      | Reached skill level 11 in Spellcasting
  7476 | D:6      | Reached skill level 10 in Conjurations
  7479 | D:6      | Reached ** piety under Vehumet
  7479 | D:6      | Offered knowledge of Shock by Vehumet.
  7942 | D:7      | Reached skill level 12 in Spellcasting
  8051 | D:7      | Reached XP level 10. HP: 51/51 MP: 22/28
  8151 | D:7      | Noticed Joseph
  8171 | D:7      | Shot with a sling bullet by Joseph

Illustrated notes

Levels and vault maps discovered:
D:1:      enne_arrival_octagon_isle, layout_basic,
          chequers_ecumenical_altar_island
D:2:      minmay_chambers_of_twos, layout_loops_ring, serial_rivers,
          chequers_serial_rivers_marsh, chequers_serial_rivers_micro_a,
          chequers_serial_rivers_small_b, chequers_serial_rivers_marsh,
          serial_shops, shop, grunt_decor_fettered, roderic_roman_lattice,
          hangedman_decor_lopped
D:3:      layout_basic, gammafunk_ghost_stat_death, uniq_natasha, uniq_sigmund
D:4:      layout_loops_ring, minmay_temple_entry_gardened_gates, serial_demonic,
          serial_demonic_a, serial_demonic_d, serial_demonic_b, serial_demonic_a
D:5:      layout_basic, guppyfry_early_lair_pool, uniq_pikel, uniq_duvessa,
          uniq_blork_the_orc
D:6:      layout_basic
D:7:      layout_layer_cave, marbit_many_paths, serial_glass, glass_columns_b,
          glass_columns_c, glass_columns_b, glass_columns_a, uniq_joseph
Temple:   mainiacjoe_temple_coin_purse

Skill      XL: |  1  2  3  4  5  6  7  8  9 |
---------------+----------------------------+-----
Conjurations   | 5 6 7 8 10 | 10.3
Spellcasting   | 4 5 6 7 9 12 | 12.1
Translocations | 1 2 3 4 6 |  6.1
Hexes          | 1 3 5 |  5.4
Fighting       | |  0.9
Dodging        | |  2.4
Stealth        | |  2.4
Earth Magic    | |  0.3

Action                   |  1- 3 |  4- 6 |  7- 9 | 10-12 || total
-------------------------+-------+-------+-------+-------++-------
Melee: Unarmed           |     5 |       |       |       ||     5
       Trident           |       |     8 |     5 |       ||    13
 Cast: Magic Dart        |    99 |    55 |   227 |       ||   381
       Searing Ray       |     1 |     3 |    25 |     2 ||    31
       Iskenderun's Myst |       |       |     6 |     1 ||     7
       Fulminant Prism   |       |       |     4 |     2 ||     6
  Use: Scroll            |       |     6 |    10 |       ||    16
       Potion            |       |       |     1 |       ||     1
Armor: Robe              |     5 |     2 |    32 |       ||    39
Dodge: Dodged            |    19 |     7 |    64 |     1 ||    91

Table legend: (Time is in decaauts)
 A = Elapsed time spent in this place.
 B = Non-inter-level travel time spent in this place.
 C = Inter-level travel time spent in this place.
 D = Time resting spent in this place.
 E = Time spent auto-exploring this place.
 F = Levels seen in this place.
 G = Mean time per level.
                   A        B        C        D        E       F      G
               +--------+--------+--------+--------+--------+-----+--------+
         Total |   8194 |   7778 |    416 |   1753 |   5044 |   8 | 1024.2 |
       Dungeon |   8085 |   7685 |    400 |   1753 |   4974 |   7 | 1155.0 |
        Temple |    108 |     92 |     16 |      0 |     70 |   1 |  108.0 |
               +--------+--------+--------+--------+--------+-----+--------+

Top non-repeatable levels by time:
     D:5: 1666 daAuts
     D:3: 1546 daAuts
     D:6: 1458 daAuts
     D:2: 1231 daAuts
     D:1: 1021 daAuts
     D:4: 953 daAuts
     D:7: 208 daAuts
  Temple: 108 daAuts
